 Dungeon Crawl Stone Soup version 0.22.1-6-g1668fe2 (webtiles) character file.

329 wilfster70 the Shooter (level 6, 0/50 HPs)
             Began as a Centaur Arcane Marksman on Jan 24, 2019.
             Slain by a crimson imp
             ... wielding a +2 dagger of chaos
              (3 damage)
             ... on level 3 of the Dungeon.
             The game lasted 00:15:40 (4527 turns).

wilfster70 the Shooter (Centaur Arcane Marksman)    Turns: 4527, Time: 00:15:41

Health: 0/50       AC:  5    Str: 13    XL:     6   Next: 25%
Magic:  9/9        EV: 10    Int: 14    God:
Gold:   70         SH:  0    Dex: 15    Spells: 4/9 levels left

rFire    . . .     SeeInvis .   p - +0 blowgun
rCold    . . .     Gourm    .   (no shield)
rNeg     . . .     Faith    .   e - +0 robe
rPois    .         Spirit   .   n - +0 helmet
rElec    .         Reflect  .   (no cloak)
rCorr    .         Harm     .   (no gloves)
MR       .....                  (no barding)
Stlth    +.........             (no amulet)
HPRegen  0.16/turn              k - +6 ring of dexterity
MPRegen  0.11/turn              (no ring)

@: berserk cooldown, slowed, drained
A: large, hooves 3, deformed body, speed 2, tough skin 3
a: no special abilities


You were on level 3 of the Dungeon.
You were very hungry.

You visited 1 branch of the dungeon, and saw 3 of its levels.

You collected 70 gold pieces.

Inventory:

Hand Weapons
 a - a +0 shortbow
 b - a +0 spear
 p - a +0 blowgun (weapon)
Missiles
 h - 87 stones
 q - 8 poisoned needles (quivered)
Armour
 e - a +0 robe (worn)
 n - a +0 helmet (worn)
Jewellery
 k - a +6 ring of dexterity (left hand)
 m - an uncursed ring of ice
Scrolls
 c - 3 scrolls of remove curse
 d - a scroll of enchant weapon {unknown}
 g - 2 scrolls of identify
 i - a scroll of amnesia {unknown}
 l - a scroll of blinking {unknown}
Comestibles
 f - 9 rations


   Skills:
 + Level 2.9(2.5) Fighting
 * Level 5.9(5.5) Bows
 - Level 1.3(1.0) Dodging
 + Level 2.2(1.9) Spellcasting
 + Level 3.7(3.3) Hexes


You had 4 spell levels left.
You knew the following spells:

 Your Spells              Type           Power        Failure   Level  Hunger
a - Corona                Hex            ##.....      6%          1    ##.....
b - Summon Lightning Spi  Summ/Air       #.......     94%         4    #####..

Your spell library contained the following spells:

 Spells                   Type           Power        Failure   Level  Hunger
 Slow                     Hex            ##......     9%          2    ###....
 Summon Small Mammal      Summ           #...         24%         1    ##.....
 Call Imp                 Summ           #.......     36%         2    ###....
 Inner Flame              Hex/Fire       #.......     36%         3    ####...
 Portal Projectile        Hex/Tloc       #.....       36%         3    ####...
 Summon Guardian Golem    Hex/Summ       #.......     36%         3    ####...
 Cause Fear               Hex            ##........   52%         4    #####..
 Call Canine Familiar     Summ           #.......     58%         3    ####...
 Leda's Liquefaction      Hex/Erth       #.........   77%         4    #####..
 Summon Ice Beast         Ice/Summ       #.......     94%         4    #####..


Dungeon Overview and Level Annotations

Branches:
Dungeon (3/15)

Altars:
Xom


Innate Abilities, Weirdness & Mutations

You have hooves in place of feet.
Armour fits poorly on your strangely shaped body.
You cover ground very quickly.
You have extremely tough skin. (AC +3)


Message History

Press: ? - help, Shift-Dir - straight line, f/p - crimson imp
Aim: a crimson imp, wielding a dagger of chaos You shoot a poisoned needle.
The poisoned needle hits the crimson imp.
The crimson imp laughs crazily.
The crimson imp barely misses you. The crimson imp closely misses you.
Firing (i - inventory. (/) - cycle)
q - 10 poisoned needles (quivered)
Press: ? - help, Shift-Dir - straight line, f/p - crimson imp
Aim: a crimson imp, wielding a dagger of chaos You shoot a poisoned needle.
The poisoned needle closely misses the crimson imp.
The crimson imp barely misses you.
Firing (i - inventory. (/) - cycle)
q - 9 poisoned needles (quivered)
Press: ? - help, Shift-Dir - straight line, f/p - crimson imp
Aim: a crimson imp, wielding a dagger of chaos You shoot a poisoned needle.
The poisoned needle closely misses the crimson imp.
The crimson imp misses you.
The crimson imp hits you with a dagger of chaos.
You die...

..#.#####.# #.#.).<...#
#.#.####### #.#.# #.#.#
######## #.#.# #......#
....#### #.####.# ######.##
##########.####.# #
##.#.####....@5.....(##.#
#.#.......#.#.####[#.##.###
##...####.#.#.######......#
###.### #...#.##.#.#.5..#.#
#.....# #.###.##.#.#.####.#
#.#.#.# #....(##...#... #.#
#.#.#.# ######((._.+.#.##.#
#.#...# #......#(..#....#.#
## #.###.#
#......#(#.#.....>#


You could see a crimson imp.

Vanquished Creatures
  A crimson imp (D:3)
  An orc wizard (D:3)
  Natasha (thrice) (D:2)
  3 gnolls (D:3)
  8 adders
  3 oozes
  3 worms
  An adder skeleton (D:3)
  2 dart slugs
  2 leopard geckos
  4 orcs (D:3)
  A giant cockroach (D:1)
  7 goblins
  5 hobgoblins
  2 jackals (D:1)
  7 kobolds
  A quokka (D:3)
  6 bats
  2 frilled lizards
  10 rats
72 creatures vanquished.

Notes
Turn   | Place    | Note
-------+----------+-------------------------------------------
     0 | D:1      | wilfster70 the Centaur Arcane Marksman began the quest for
                  | the Orb.
     0 | D:1      | Reached XP level 1. HP: 16/16 MP: 2/2
   115 | D:1      | Reached skill level 3 in Bows
   276 | D:1      | Reached XP level 2. HP: 17/23 MP: 3/3
   922 | D:1      | Reached XP level 3. HP: 14/28 MP: 4/4
  1659 | D:2      | Reached skill level 4 in Bows
  2112 | D:2      | Noticed Natasha
  2135 | D:2      | Reached XP level 4. HP: 28/36 MP: 6/6
  2154 | D:2      | Killed Natasha
  2340 | D:2      | Found a faded altar of an unknown god.
  2485 | D:2      | Noticed Natasha
  2494 | D:2      | Killed Natasha
  2494 | D:2      | Reached XP level 5. HP: 34/41 MP: 7/7
  2526 | D:2      | Noticed Natasha
  2551 | D:2      | Killed Natasha
  2551 | D:2      | Reached skill level 5 in Bows
  2954 | D:3      | Learned a level 4 spell: Summon Lightning Spire
  3703 | D:3      | Reached XP level 6. HP: 43/50 MP: 9/9
  4385 | D:3      | Found a shimmering altar of Xom.
  4521 | D:3      | HP: 2/50 [crimson imp/dagger of chaos (1)]
  4527 | D:3      | Slain by a crimson imp

Skill      XL: |  1  2  3  4  5 |
---------------+----------------+-----
Bows           | 3 4 5 |  5.9
Hexes          | 3 |  3.7
Fighting       | 2 |  2.9
Spellcasting   | 2 |  2.2
Dodging        | |  1.3

Action                   |  1- 3 |  4- 6 || total
-------------------------+-------+-------++-------
Melee: Spear             |       |   138 ||   138
       Kick              |       |    38 ||    38
 Fire: Shortbow          |   134 |    86 ||   220
       Blowgun           |       |     4 ||     4
Throw: Stone             |       |     6 ||     6
  Use: Scroll            |       |     1 ||     1
       Potion            |       |     1 ||     1
  Eat: Chunk             |     2 |     6 ||     8
Armor: Robe              |    27 |    84 ||   111
Dodge: Dodged            |    51 |    88 ||   139
